 Dungeon Crawl Stone Soup version 0.29.0-5-ge4962eb29e (webtiles) character file.

Game seed: 6213225408833375782

285746 Arcadio the Executioner (level 19, -15/195 HPs)
             Began as a Minotaur Berserker on Aug 28, 2022.
             Was the Champion of Trog.
             Killed from afar by an ironbound thunderhulk (44 damage)
             ... with a bolt of lightning
             ... led by a vault warden
             ... on level 2 of the Vaults.
             The game lasted 02:12:01 (35982 turns).

Arcadio the Executioner (Minotaur Berserker)       Turns: 35982, Time: 02:12:02

Health: -15/195    AC: 42    Str: 29    XL:     19   Next: 81%
Magic:  18/18      EV: 10    Int:  4    God:    Trog [******]
Gold:   2693       SH: 16    Dex: 16    Spells: 18/18 levels left

rFire   . . .      SeeInvis +   N - +8 mithril axe "Arga" {speed, Will+}
rCold   . . .      Faith    .   g - +2 kite shield
rNeg    + . .      Spirit   .   w - +8 plate armour
rPois   +          Reflect  .   b - +0 hat {Will+}
rElec   .          Harm     .   Q - +1 cloak
rCorr   .          Rampage  .   a - +2 pair of gloves of Irebed {Will+}
Will    +++++      Clarity  +   h - +4 pair of boots of Zoahy {Will+ Dex+5}
Stlth   ..........              R - amulet of regeneration
HPRegen 1.22/turn               P - ring of positive energy
MPRegen 0.16/turn               G - ring of see invisible

@: on berserk cooldown
A: horns 2, retaliatory headbutt, claws 1, clarity, poison resistance, shaggy
fur 1, evolution 1, sturdy frame 1
}: 2/15 runes: decaying, gossamer
a: Renounce Religion, Berserk, Trog's Hand, Brothers in Arms


You were on level 2 of the Vaults.
You worshipped Trog.
Trog was exalted by your worship.
You visited 8 branches of the dungeon, and saw 34 of its levels.
You also visited: Ossuary, Bailey and Gauntlet.

You collected 4004 gold pieces.
You spent 1311 gold pieces at shops.

Inventory:

Hand Weapons
 d - a +9 executioner's axe of flaming
 x - the +8 lance "Wyrmbane" {slay drac, rPois rF+ rC+ AC+3}
   (You found it on level 1 of the Vaults)

   It inflicts extra damage against dragons and draconians.
   AC:        It affects your AC (+3).
   rF:        It protects you from fire.
   rC:        It protects you from cold.
   rPois:     It protects you from poison.
 N - the +8 mithril axe "Arga" (weapon) {speed, Will+}
   (You found it in a Gauntlet)

   Attacks with this weapon are significantly faster.
   Will:      It increases your willpower.
Armour
 a - the +2 pair of gloves of Irebed (worn) {Will+}
   (You found it on level 1 of the Lair of Beasts)

   Will:      It increases your willpower.
 b - a +0 hat of willpower (worn)
 g - a +2 kite shield (worn)
 h - the +4 pair of boots of Zoahy (worn) {Will+ Dex+5}
   (You acquired it on level 1 of the Spider Nest)

   Dex:       It affects your dexterity (+5).
   Will:      It increases your willpower.
 w - a +8 plate armour (worn)
 Q - a +1 cloak (worn)
Jewellery
 c - a ring of fire
 f - a ring of positive energy
 s - a ring of willpower
 D - a +4 ring of evasion
 G - a ring of see invisible (right hand)
 H - a ring of protection from fire
 P - a ring of positive energy (left hand)
 R - an amulet of regeneration (around neck)
 W - a ring of protection from cold
Wands
 j - a wand of iceblast (15)
 m - a wand of flame (57)
 F - a wand of acid (14)
 L - a wand of polymorph (19)
 M - a wand of mindburst (26)
 S - a wand of paralysis (36)
 V - a wand of digging (40)
Scrolls
 k - 5 scrolls of blinking
 l - 6 scrolls of enchant weapon
 n - 17 scrolls of teleportation
 o - a scroll of enchant armour
 t - 5 scrolls of poison
 u - 5 scrolls of fear
 y - 3 scrolls of brand weapon
 A - a scroll of silence
 O - 4 scrolls of summoning
 U - 2 scrolls of magic mapping
Potions
 e - 8 potions of heal wounds
 i - a potion of magic
 p - 14 potions of curing
 q - 4 potions of invisibility
 r - 7 potions of mutation
 v - 2 potions of attraction
 z - a potion of experience {unknown}
 B - 13 potions of haste
 C - 9 potions of might
 E - 4 potions of resistance
 I - 5 potions of lignification
 J - 12 potions of ambrosia
 K - 3 potions of cancellation


   Skills:
 + Level 23.3 Fighting
 + Level 23.4 Axes
 + Level 23.2 Armour
 - Level 2.3 Dodging
 + Level 16.1 Shields


You had 18 spell levels left.
You didn't know any spells.
Your spell library was empty.

Dungeon Overview and Level Annotations

Branches:
Dungeon (15/15) Zot: 25792  Temple (1/1) D:4 Zot: 5959    Lair (5/5) D:9 Zot: 23408
  Swamp (4/4) Lair:3 Zot: 17916  Spider (4/4) Lair:2 Zot: 18862   Slime (0/5) Lair:5
    Orc (2/2) D:12 Zot: 10801     Elf (1/3) Orc:2 Zot: 5994  Vaults (2/5) D:13 Zot: 9911
 Depths (0/4) D:15        Ossuary (visited)          Bailey (visited)
Gauntlet (visited)
  Crypt: Vaults:2-3

Altars:
Ashenzari
Cheibriados
Dithmenos
Elyvilon
Fedhas
Gozag
Hepliaklqana
Kikubaaqudgha
Makhleb
Nemelex Xobeh
Okawaru
Qazlal
Ru
Sif Muna
Trog
Uskayaw
Vehumet
Wu Jian
Xom
Yredelemnul
Zin
The Shining One
Jiyva
Lugonu

Shops:
D:7 *   D:9 (   Orc:2 (!!*

Portals:
Abyss: Lair:5
Trove: Vaults:1 (give +4 shadow dragon scales)


Innate Abilities, Weirdness & Mutations

You have a pair of horns on your head.
You reflexively headbutt those who attack you in melee.
You have sharp fingernails.
You possess an exceptional clarity of mind.
Your system is resistant to poisons. (rPois)
You are covered in fur. (AC +1)
You have hidden genetic potential.
Your movements are slightly less encumbered by armour. (ER -2)


Message History

You hit the vault guard but do no damage.
Your headbutt misses the vault guard.
The vault guard is severely wounded.
You hit the ironbound frostheart but do no damage.
Unknown command.
You slash the vault guard!
You kill the vault guard!
Trog accepts your kill.
You hit the ironbound frostheart.
You block the ironbound frostheart's attack.
You slice the ironbound frostheart!!
You kill the ironbound frostheart!
Trog accepts your kill.
Trog appreciates your killing of a magic user.
Electricity crackles from the ironbound thunderhulk's apparatus.
The bolt of lightning hits you!!
Electricity crackles from the ironbound thunderhulk's apparatus.
The bolt of lightning misses you.
Electricity crackles from the ironbound thunderhulk's apparatus.
The bolt of lightning hits you!!!
* * * LOW HITPOINT WARNING * * *
You see here a +2 antimagic battleaxe.
You can't go down here!
As you close the door, pushing everything out of the way, it creaks loudly!
An ironbound thunderhulk opens the door.
Electricity crackles from the ironbound thunderhulk's apparatus.
The bolt of lightning hits you!!
* * * LOW HITPOINT WARNING * * *
You feel much better.
Strange energies crackle from the ironbound thunderhulk's apparatus.
The ironbound thunderhulk blinks!
You feel yourself speed up.
Electricity crackles from the ironbound thunderhulk's apparatus.
The bolt of lightning hits you!
* * * LOW HITPOINT WARNING * * *
You open the door.
There is an open door here.
Electricity crackles from the ironbound thunderhulk's apparatus.
The bolt of lightning hits you!!!
You die...

##.##.....##.###
#...[.#.#.....#
#..####.####..#
####.......####
###########'#######.
....................
.:..................
...................?
........@...........
######'###########.
######.).#######
....$#...#$.....
.#####...#####.. .p
#.......# p.
.pp##..O..##...
#...##..)##...#
#...##)##...#


You could see an ironbound thunderhulk.

Vanquished Creatures
  Mara (Swamp:4)
  the Lernaean hydra (Swamp:4)
  Nikola (Swamp:2)
  Zenata (Vaults:1)
  A tentacled monstrosity (Swamp:3)
  Rupert (Lair:3)
  The ghost of Wueresid the Spry, an adept DEHW of Sif Muna (Vaults:1)
  The ghost of Zoigrime the Blocker, an adept FoFi of Jiyva (Swamp:3)
  Gastronok (Lair:1)
  Agnes (Spider:1)
  Donald (Swamp:2)
  6 fenstrider witches
  Kirke (Spider:4)
  A storm dragon (shapeshifter) (D:12)
  The ghost of Zachydoop the Severer, a journeyman DsGl of Ru (Swamp:1)
  7 emperor scorpions
  The ghost of Qemahefa the Bludgeoner, an adept GrFi of Okawaru (Swamp:3)
  2 orc warlords (Vaults:1)
  Louise (Swamp:2)
  6 vault wardens
  6 ghost moths
  6 ghouls
  A cacodemon (D:12)
  3 broodmothers
  6 ironbound preservers
  5 ironbound thunderhulks
  4 eleionomae
  A minotaur (Gauntlet)
  9 dire elephants
  Azrael (D:15)
  2 bunyips (Swamp:4)
  4 entropy weavers
  5 spark wasps
  Snorg (Orc:2)
  An ettin (Orc:2)
  The ghost of BraveToast the Basher, a journeyman FoFi of Qazlal (D:12)
  A shambling mangrove (Swamp:4)
  3 great orbs of eyes
  A green death (Vaults:1)
  Harold (Lair:1)
  2 yaktaur captains (Vaults:1)
  A rakshasa (Vaults:1)
  3 jorogumos (Spider:1)
  27 hydras
  6 boulder beetles
  4 vault guards
  9 radroaches
  5 ironbound frosthearts
  2 ghost crabs
  3 two-headed ogres
  A catoblepas (D:15)
  10 centaur warriors
  5 death yaks (D:9)
  A tengu warrior (D:15)
  A death scarab (Spider:1)
  8 alligators
  An alligator (shapeshifter) (D:12)
  7 orc high priests (Orc:2)
  3 thrashing horrors (Lair:5)
  5 spriggans
  9 skeletal warriors
  8 pharaoh ants
  A sun moth (Spider:1)
  10 orb spiders
  4 goliath frogs
  8 steelbarb worms
  2 glowing orange brains
  11 deep trolls (Vaults:1)
  3 spriggan druids
  18 bog bodies
  8 swamp dragons
  6 wizards
  An obsidian statue (Gauntlet)
  Pikel (D:7)
  5 ironbound convokers
  4 orc knights (Vaults:1)
  2 lindwurms (Vaults:1)
  4 harpies (Vaults:1)
  A necromancer (Lair:4)
  A deep elf pyromancer (D:13)
  21 ugly things
  6 cyclopes
  2 manticores
  2 will-o-the-wisps (Swamp:2)
  5 moths of wrath
  17 wolf spiders
  11 elephants
  A guardian serpent (shapeshifter) (Lair:5)
  A black mamba (shapeshifter) (D:12)
  13 cane toads
  7 torpor snails
  6 spectral spriggans (Swamp:2)
  2 smoke demons (Lair:5)
  4 black mambas
  2 unseen horrors (D:11)
  3 vault sentinels
  3 kobold demonologists
  9 yaktaurs
  A komodo dragon (shapeshifter) (D:13)
  2 rime drakes
  An efreet (D:13)
  6 komodo dragons
  11 demonic crawlers
  A tengu conjurer (D:15)
  2 freezing wraiths (Swamp:2)
  2 ancient zymes (Lair:5)
  The ghost of sausages the Trooper, an amateur MiFi of Ru (D:5)
  A queen bee (Lair:2)
  A wind drake (D:13)
  A polar bear (shapeshifter) (D:12)
  A merfolk (D:15)
  5 tyrant leeches
  29 tarantellas
  2 polar bears
  7 meliai
  A bloated husk (Swamp:2)
  10 trolls
  2 meliai (shapeshifter)
  A hornet (shapeshifter) (D:12)
  A slime creature (shapeshifter) (D:12)
  12 dream sheep
  12 hornets
  Prince Ribbit (Bailey)
  26 blink frogs
  27 slime creatures
  4 centaur simulacra
  A wraith (D:14)
  27 jumping spiders
  2 shadows (D:11)
  2 vampires
  7 wyverns
  20 culicivoras
  3 water elementals (D:14)
  60 yaks
  A ynoxinul (Lair:5)
  8 basilisks
  2 large abominations (Lair:5)
  A fire elemental (D:15)
  A golden eye (shapeshifter) (Lair:5)
  2 humans (Bailey)
  3 hogs (Spider:4)
  17 vampire mosquitoes
  4 chaos spawn (Lair:5)
  2 neqoxecs (D:12)
  A steam dragon (Lair:2)
  Menkaure (D:6)
  57 redbacks
  An acid dragon (D:11)
  6 wargs (Orc:2)
  5 hell hounds (D:15)
  21 swamp worms
  11 water moccasins
  A meliai simulacrum (Gauntlet)
  5 ice beasts
  8 swamp drakes (Swamp:4)
  3 sky beasts (D:13)
  A hornet zombie (Ossuary)
  8 orc warriors
  2 black bears
  6 wolves
  2 ogres
  A boggart (Vaults:1)
  7 centaurs
  A lemure (D:7)
  A kobold brigand (D:9)
  19 bullfrogs
  2 necrophages
  4 scorpions
  A wyvern zombie (Ossuary)
  4 gnoll sergeants
  A hornet simulacrum (Gauntlet)
  2 water moccasin zombies (Ossuary)
  A wight (D:8)
  46 killer bees
  A troll skeleton (D:11)
  6 howler monkeys
  5 spriggan skeletons (D:11)
  9 electric eels
  4 bullfrog zombies (Ossuary)
  A centaur zombie (Ossuary)
  3 hounds (D:5)
  27 orc priests
  Crazy Yiuf (D:2)
  16 jellies
  4 iguanas
  25 orc wizards
  A polar bear simulacrum (Lair:4)
  4 yak simulacra (Lair:4)
  6 small abominations (Lair:5)
  4 killer bee zombies (Ossuary)
  4 wolf simulacra (Lair:4)
  13 mummies (Ossuary)
  4 howler monkey zombies (Ossuary)
  14 gnolls
  5 adders
  A shadow imp (D:5)
  6 white imps
  A howler monkey simulacrum (D:10)
  3 ufetubi (D:10)
  4 worms
  3 dart slugs
  70 orcs
  9 endoplasms
  2 giant cockroaches
  4 goblins
  4 hobgoblins
  A quokka (D:4)
  5 ball pythons
  3 bats
  7 frilled lizards
  5 kobolds
  8 rats
  2 river rat simulacra (Lair:4)
1283 creatures vanquished.

Vanquished Creatures (collateral kills)
  A ghost crab (Swamp:3)
  A hydra (Swamp:4)
  A tyrant leech (Swamp:3)
  A neqoxec (D:12)
  A swamp drake (Swamp:4)
5 creatures vanquished.

Vanquished Creatures (others)
  A skeletal warrior (D:14)
  3 bloated husks
  A hornet (Swamp:4)
  A redback (Spider:1)
  3 humans (Spider:4)
  A swamp worm (Swamp:4)
  3 bushes (Lair:4)
  4 foxfires (Swamp:2)
  50 fungi
  61 plants
  5 withered plants
133 creatures vanquished.

Grand Total: 1421 creatures vanquished

Notes
Turn   | Place    | Note
-------+----------+-------------------------------------------
     0 | D:1      | Arcadio the Minotaur Berserker began the quest for the Orb.
     0 | D:1      | Reached XP level 1. HP: 19/19 MP: 0/0
    18 | D:1      | Found a faded altar of an unknown god.
   140 | D:1      | Reached XP level 2. HP: 23/27 MP: 1/1
   816 | D:2      | Reached XP level 3. HP: 20/33 MP: 2/2
  1016 | D:2      | Found a runed translucent door.
  1017 | D:2      | Noticed Crazy Yiuf
  1138 | D:2      | Reached ** piety under Trog
  1661 | D:2      | Killed Crazy Yiuf
  1662 | D:2      | Reached XP level 4. HP: 38/41 MP: 3/3
  1903 | D:3      | Identified the +6 hand axe of Income {vorpal, Dex+3}
  1939 | D:3      | Found a broken altar of Ashenzari.
  2167 | D:3      | Found a bloodstained altar of Trog.
  2407 | D:4      | Found a shadowy altar of Dithmenos.
  2514 | D:4      | Reached XP level 5. HP: 47/47 MP: 4/4
  2549 | D:4      | Identified the +1 robe of Neseum {rC+ Dex+4}
  2590 | D:4      | Reached skill level 5 in Fighting
  2590 | D:4      | Reached skill level 5 in Axes
  2657 | D:4      | Found a staircase to the Ecumenical Temple.
  2662 | Temple   | Entered the Ecumenical Temple
  3148 | D:5      | Entered Level 5 of the Dungeon
  3252 | D:5      | Noticed an ogre
  3264 | D:5      | Killed an ogre
  3265 | D:5      | Reached skill level 5 in Armour
  3265 | D:5      | Reached XP level 6. HP: 47/57 MP: 5/5
  3265 | D:5      | Reached *** piety under Trog
  3330 | D:5      | Found a sand-covered staircase.
  3337 | Ossuary  | Entered an ossuary
  3394 | Ossuary  | Reached XP level 7. HP: 41/63 MP: 6/6
  3674 | Ossuary  | Reached **** piety under Trog
  3684 | Ossuary  | Reached XP level 8. HP: 73/73 MP: 7/7
  4122 | D:5      | Found a runed translucent door.
  4122 | D:5      | Noticed a troll
  4123 | D:5      | Noticed sausages's ghost (amateur MiFi)
  4137 | D:5      | Killed sausages's ghost
  4141 | D:5      | Killed a troll
  4394 | D:5      | Found an iron altar of Okawaru.
  4397 | D:5      | Found a snail-covered altar of Cheibriados.
  4407 | D:5      | Found a basalt altar of Yredelemnul.
  4410 | D:5      | Found a glowing golden altar of the Shining One.
  4593 | D:6      | Reached XP level 9. HP: 83/83 MP: 8/8
  4841 | D:6      | Reached ***** piety under Trog
  4959 | D:6      | Noticed Menkaure
  4964 | D:6      | Killed Menkaure
  5306 | D:7      | Reached skill level 10 in Fighting
  5306 | D:7      | Reached skill level 10 in Axes
  5306 | D:7      | Reached skill level 1 in Shields
  5571 | D:7      | Noticed Pikel
  5586 | D:7      | Killed Pikel
  5587 | D:7      | Reached skill level 10 in Armour
  5587 | D:7      | Reached XP level 10. HP: 94/94 MP: 9/9
  5668 | D:7      | Found Mimia's Overcharged Wands.
  5912 | D:7      | Found a flagged portal.
  5919 | Bailey   | Entered a bailey
  6055 | Bailey   | Noticed a vault guard
  6055 | Bailey   | Noticed Prince Ribbit
  6059 | Bailey   | Killed Prince Ribbit
  6062 | Bailey   | Killed a vault guard
  6063 | Bailey   | Reached skill level 5 in Shields
  6147 | D:7      | Found an ornate altar of the Wu Jian Council.
  6549 | D:8      | Noticed a two-headed ogre
  6556 | D:8      | Killed a two-headed ogre
  6557 | D:8      | Reached XP level 11. HP: 104/104 MP: 10/10
  7187 | D:9      | Found Pojah's Antique Weapon Emporium.
  7252 | D:9      | Found an opulent altar of Gozag.
  7504 | D:9      | Identified a scroll of acquirement
  7505 | D:9      | Acquired a +5 executioner's axe of flaming
  7519 | D:9      | Found a staircase to the Lair.
  7733 | D:9      | Found a glowing silver altar of Zin.
  8035 | D:10     | Entered Level 10 of the Dungeon
  8095 | Lair:1   | Entered Level 1 of the Lair of Beasts
  8095 | Lair:1   | Noticed Harold
  8103 | Lair:1   | Killed Harold
  8159 | Lair:1   | Noticed a five-headed hydra
  8165 | Lair:1   | Killed a two-headed hydra
  8187 | Lair:1   | Noticed a death yak
  8187 | Lair:1   | Noticed a death yak
  8187 | Lair:1   | Noticed a death yak
  8207 | D:9      | Killed a death yak
  8264 | Lair:1   | Noticed a death yak
  8264 | Lair:1   | Noticed a death yak
  8275 | D:9      | Killed a death yak
  8281 | D:9      | Killed a death yak
  8416 | D:9      | Killed a death yak
  8422 | D:9      | Killed a death yak
  8544 | Lair:1   | Reached XP level 12. HP: 115/115 MP: 11/11
  8833 | Lair:1   | Identified the +2 pair of gloves of Irebed {Will+}
  8856 | Lair:1   | Noticed Gastronok
  8870 | Lair:1   | Killed Gastronok
  8938 | Lair:1   | Noticed a seven-headed hydra
  8944 | Lair:1   | Killed a four-headed hydra
  9715 | Lair:2   | Found a hole to the Spider Nest.
 10338 | Lair:2   | Identified the +12 hand axe of Ronwyoludi {spect, rC+
                  | Str+3}
 10807 | Lair:3   | Noticed Rupert
 10977 | Lair:3   | Reached skill level 15 in Fighting
 10977 | Lair:3   | Reached skill level 15 in Axes
 11180 | Lair:3   | Reached XP level 13. HP: 126/126 MP: 12/12
 11191 | Lair:3   | Killed Rupert
 11192 | Lair:3   | Reached skill level 15 in Armour
 11715 | Lair:3   | Found a staircase to the Swamp.
 12006 | Lair:4   | Found a gate leading to a gauntlet.
 12013 | Gauntlet | Entered a Gauntlet
 12013 | Gauntlet | Found a transporter.
 12013 | Gauntlet | Found a transporter.
 12025 | Gauntlet | Found a transporter.
 12025 | Gauntlet | Found a transporter.
 12034 | Gauntlet | Found a transporter.
 12041 | Gauntlet | Found a transporter.
 12047 | Gauntlet | Found a large runed translucent door.
 12048 | Gauntlet | Found a large runed translucent door.
 12050 | Gauntlet | Found a transporter.
 12050 | Gauntlet | Found a large runed translucent door.
 12051 | Gauntlet | Found a large runed translucent door.
 12066 | Gauntlet | Found a transporter.
 12066 | Gauntlet | Found the +8 mithril axe "Arga" {speed, Will+}
 12107 | Gauntlet | Found a transporter.
 12121 | Gauntlet | Found a transporter.
 12134 | Gauntlet | Found a transporter.
 12150 | Gauntlet | Found a transporter.
 12231 | Gauntlet | Found a transporter.
 12253 | Gauntlet | Found a transporter.
 12260 | Gauntlet | Found a transporter.
 12262 | Gauntlet | Found a large runed translucent door.
 12262 | Gauntlet | Found a large runed translucent door.
 12263 | Gauntlet | Found a large runed translucent door.
 12263 | Gauntlet | Found a large runed translucent door.
 12264 | Gauntlet | Found a large runed translucent door.
 12264 | Gauntlet | Found a large runed translucent door.
 12264 | Gauntlet | Found a runed translucent door.
 12264 | Gauntlet | Found a runed translucent door.
 12264 | Gauntlet | Found a large runed translucent door.
 12265 | Gauntlet | Found a large runed translucent door.
 12272 | Gauntlet | Found a large runed translucent door.
 12273 | Gauntlet | Found a large runed translucent door.
 12274 | Gauntlet | Found a large runed translucent door.
 12274 | Gauntlet | Found a large runed translucent door.
 12357 | Gauntlet | Found a runed translucent gate.
 12358 | Gauntlet | Found a transporter.
 12358 | Gauntlet | Found a runed translucent gate.
 12359 | Gauntlet | Found a runed translucent gate.
 12655 | Gauntlet | Identified the +1 leather armour "Teden" {+Inv rF+}
 12657 | Gauntlet | Identified the +2 helmet of Peek-a-Boo {Rampage *Corrode
                  | Regen+}
 12804 | Gauntlet | Noticed a minotaur
 12813 | Gauntlet | Killed a minotaur
 13910 | Lair:5   | Entered Level 5 of the Lair of Beasts
 14055 | Lair:5   | Reached XP level 14. HP: 104/138 MP: 13/13
 14201 | Lair:5   | Received a gift from Trog
 14417 | Lair:5   | Identified the +2 leather armour of the Hanged Man {rCorr}
 14500 | Lair:5   | Found a viscous altar of Jiyva.
 14500 | Lair:5   | Found a staircase to the Slime Pits.
 15047 | Lair:5   | Found a corrupted altar of Lugonu.
 15047 | Lair:5   | Found a one-way gate to the infinite horrors of the Abyss.
 15520 | D:10     | Found a sacrificial altar of Ru.
 15589 | D:10     | Received a gift from Trog
 17263 | D:12     | Found a runed translucent gate.
 17264 | D:12     | Found a runed translucent gate.
 17265 | D:12     | Found a runed translucent gate.
 17290 | D:12     | Noticed an emperor scorpion
 17290 | D:12     | a seven-headed hydra changed into an emperor scorpion
 17293 | D:12     | Noticed an azure jelly
 17293 | D:12     | an emperor scorpion changed into an azure jelly
 17302 | D:12     | Noticed a storm dragon
 17302 | D:12     | an azure jelly changed into a storm dragon
 17308 | D:12     | Killed a storm dragon
 17356 | D:12     | Found a runed translucent gate.
 17356 | D:12     | Found a runed translucent gate.
 17360 | D:12     | Found a runed translucent gate.
 17360 | D:12     | Noticed a cacodemon
 17361 | D:12     | Noticed BraveToast's ghost (journeyman FoFi)
 17388 | D:12     | Killed BraveToast's ghost
 17396 | D:12     | Reached XP level 15. HP: 149/149 MP: 14/14
 17398 | D:12     | Gained mutation: You are covered in fur. (AC +1) [a
                  | neqoxec]
 17508 | D:12     | Found a staircase to the Orcish Mines.
 18081 | Orc:1    | Entered Level 1 of the Orcish Mines
 18139 | Orc:1    | Received a gift from Trog
 18216 | Orc:2    | Entered Level 2 of the Orcish Mines
 18382 | Orc:2    | Found Qonuak's Distillery.
 18449 | Orc:2    | Found Suobb's Weapon Boutique.
 18526 | Orc:2    | Found a staircase to the Elven Halls.
 18539 | Orc:2    | Noticed Snorg
 18548 | Orc:2    | Killed Snorg
 18599 | Elf:1    | Entered Level 1 of the Elven Halls
 18949 | Orc:2    | Found Eqashresk's Distillery.
 19009 | Orc:2    | Found Uxipuf's General Store.
 19036 | Orc:2    | Bought 2 scrolls of enchant armour for 180 gold pieces
 19036 | Orc:2    | Bought a potion of might for 48 gold pieces
 19045 | Orc:2    | Bought a potion of ambrosia for 88 gold pieces
 19045 | Orc:2    | Bought a potion of curing for 33 gold pieces
 19045 | Orc:2    | Bought a potion of haste for 110 gold pieces
 19045 | Orc:2    | Bought a potion of heal wounds for 55 gold pieces
 19045 | Orc:2    | Bought 2 potions of curing for 66 gold pieces
 19084 | Orc:2    | Bought a potion of curing for 51 gold pieces
 19084 | Orc:2    | Bought a potion of haste for 170 gold pieces
 19084 | Orc:2    | Bought 2 potions of haste for 340 gold pieces
 19084 | Orc:2    | Bought a potion of resistance for 170 gold pieces
 19635 | D:13     | Found a gate to the Vaults.
 20141 | D:14     | Found a blossoming altar of Fedhas.
 20157 | D:14     | Received a gift from Trog
 20728 | D:15     | Entered Level 15 of the Dungeon
 20868 | D:15     | Noticed Azrael
 20884 | D:15     | Killed Azrael
 20981 | D:15     | Found a white marble altar of Elyvilon.
 21268 | D:15     | Noticed an emperor scorpion
 21276 | D:15     | Killed an emperor scorpion
 21285 | D:15     | Found a staircase to the Depths.
 21736 | Swamp:1  | Entered Level 1 of the Swamp
 21798 | Swamp:1  | Reached XP level 16. HP: 86/161 MP: 15/15
 22057 | Swamp:1  | Found the +6 lightning scales {swift, rElec}
 22412 | Swamp:1  | Found a runed translucent door.
 22428 | Swamp:1  | Noticed Zachydoop's ghost (journeyman DsGl)
 22673 | Swamp:1  | Killed Zachydoop's ghost
 22705 | Swamp:2  | Noticed Nikola
 23008 | Swamp:2  | Killed Nikola
 23172 | Swamp:2  | Noticed Donald
 23181 | Swamp:2  | Killed Donald
 23387 | Swamp:2  | Noticed Louise
 23400 | Swamp:2  | Killed Louise
 23656 | Swamp:2  | Reached ****** piety under Trog
 23810 | Swamp:2  | Reached skill level 10 in Shields
 24203 | Swamp:3  | Received a gift from Trog
 24745 | Swamp:3  | Noticed a tentacled monstrosity
 24752 | Swamp:3  | Killed a tentacled monstrosity
 24938 | Swamp:3  | Found a runed translucent gate.
 24938 | Swamp:3  | Found a runed translucent gate.
 24938 | Swamp:3  | Found a runed translucent gate.
 24939 | Swamp:3  | Noticed Zoigrime's ghost (adept FoFi)
 24940 | Swamp:3  | Noticed Qemahefa's ghost (adept GrFi)
 25145 | Swamp:3  | Killed Qemahefa's ghost
 25153 | Swamp:3  | Killed Zoigrime's ghost
 25271 | Swamp:4  | Entered Level 4 of the Swamp
 25271 | Swamp:4  | Noticed Mara
 25286 | Swamp:4  | Killed Mara
 25322 | Swamp:4  | Reached XP level 17. HP: 152/172 MP: 16/16
 26428 | Swamp:4  | Received a gift from Trog
 27244 | Swamp:4  | Found a runed translucent door.
 27329 | Swamp:4  | Noticed the 27-headed Lernaean hydra
 27341 | Swamp:4  | Killed the 26-headed Lernaean hydra
 27661 | Swamp:4  | Got a decaying rune of Zot
 28185 | Spider:1 | Entered Level 1 of the Spider Nest
 28547 | Spider:1 | Acquired the +4 pair of boots of Zoahy {Will+ Dex+5}
 28595 | Spider:1 | Noticed Agnes
 28601 | Spider:1 | Killed Agnes
 29318 | Spider:1 | Reached XP level 18. HP: 80/182 MP: 17/17
 31156 | Spider:3 | Received a gift from Trog
 31969 | Spider:4 | Entered Level 4 of the Spider Nest
 31976 | Spider:4 | Noticed Kirke
 31996 | Spider:4 | Killed Kirke
 32469 | Spider:4 | Received a gift from Trog
 33370 | Spider:4 | Got a gossamer rune of Zot
 33731 | Vaults:1 | Entered Level 1 of the Vaults
 33755 | Vaults:1 | Received a gift from Trog
 33886 | Vaults:1 | Reached XP level 19. HP: 193/193 MP: 18/18
 33935 | Vaults:1 | Noticed Zenata
 33950 | Vaults:1 | Killed Zenata
 34289 | Vaults:1 | Reached skill level 15 in Shields
 34424 | Vaults:1 | Found a portal to a secret trove of treasure.
 34473 | Vaults:1 | Received a gift from Trog
 34772 | Vaults:1 | Found the +8 lance "Wyrmbane" {slay drac, rPois rF+ rC+
                  | AC+3}
 34817 | Vaults:1 | Found a runed translucent gate.
 34817 | Vaults:1 | Found a runed translucent gate.
 34817 | Vaults:1 | Found a runed translucent gate.
 34819 | Vaults:1 | Noticed Wueresid's ghost (adept DEHW)
 34831 | Vaults:1 | Gained mutation: Your system is resistant to poisons.
                  | (rPois) [mutagenic glow]
 34843 | Vaults:1 | Gained mutation: You occasionally lose the ability to read
                  | scrolls when taking damage. [mutagenic glow]
 34868 | Vaults:1 | Gained mutation: Your body sometimes deteriorates upon
                  | taking damage. [mutagenic glow]
 34880 | Vaults:1 | Killed Wueresid's ghost
 34886 | Vaults:1 | Gained mutation: You are dopey. (Int -2) [mutagenic glow]
 35167 | Vaults:1 | Identified the +1 helmet "Jaiptecs" {rF+ rC++ Str-2 SInv}
 35170 | Vaults:1 | Identified the +5 morningstar "Orb Guardian's Death"
                  | {vorpal, Int+6}
 35332 | Vaults:1 | Lost mutation: Your body sometimes deteriorates upon taking
                  | damage. [potion of mutation]
 35332 | Vaults:1 | Lost mutation: You are dopey. (Int -2) [potion of mutation]
 35332 | Vaults:1 | Lost mutation: You occasionally lose the ability to read
                  | scrolls when taking damage. [potion of mutation]
 35332 | Vaults:1 | Gained mutation: Your movements are slightly less
                  | encumbered by armour. (ER -2) [potion of mutation]
 35332 | Vaults:1 | Gained mutation: You have sharp fingernails. [potion of
                  | mutation]
 35332 | Vaults:1 | Gained mutation: You possess an exceptional clarity of
                  | mind. [potion of mutation]
 35332 | Vaults:1 | Gained mutation: You have hidden genetic potential. [potion
                  | of mutation]
 35927 | Vaults:2 | Received a gift from Trog
 35975 | Vaults:2 | HP: 4/195 [ironbound thunderhulk/bolt of lightning[a vault
                  | warden] (34)]
 35982 | Vaults:2 | Killed from afar by an ironbound thunderhulk

Illustrated notes

Levels and vault maps discovered:
D:1:      dpeg_arrival_ratfight, layout_rooms,
          ebering_ecumenical_altar_abandoned, chequers_serial_rivers_room_b,
          chequers_serial_rivers_room_b
D:2:      layout_basic, uniq_crazy_yiuf_cottage
D:3:      layout_rooms, mainiacjoe_overflow_small_starburst,
          mainiacjoe_overflow_cross_hatched, minmay_misc_feat_doors
D:4:      layout_cave_pods, mainiacjoe_overflow_paths,
          minmay_temple_entry_wispy, minivault_24
D:5:      layout_cave_pools, grunt_temple_overflow_cloverleaf,
          ebering_ghost_inner_flame, chequers_ossuary_entry_cave
D:6:      layout_basic, uniq_menkaure
D:7:      layout_loops_cross, nicolae_overflow_crystal_walls, enter_bailey_2,
          nicolae_shop_overcharged_wands, uniq_pikel
D:8:      layout_rooms, serial_park_tiny_pond, kennysheep_generic_room_16
D:9:      layout_roguey, grunt_gozag_statues, zin_scriptorium, lair_entry_dummy,
          nicolae_stop_n_shop_1, worms_lemuel
D:10:     layout_roguey, marbit_many_paths, serial_ice, serial_ice_m,
          serial_ice_a, serial_ice_l, serial_ice_h, serial_ice_e, serial_ice_d,
          serial_ice_c, serial_ice_b, serial_ice_n, serial_ice_f
D:11:     layout_irregular_city, hangedman_tell_no_tales
D:12:     layout_roguey, orc_0_dummy,
          ploomutoo_gammafunk_ghost_potion_laboratory, evilmike_minifort
D:13:     nicolae_cairo_tiling_very_big, layout_loops_ring,
          dreamdust_looks_like_rain
D:14:     layout_gridville, fedhas_altar_1, serial_bayou, serial_bayou_shore_b,
          serial_bayou_pond_d, serial_bayou_pond_e, serial_bayou_lagoon_b,
          serial_bayou_ford_a, drop_trap
D:15:     hangedman_depths_entry_try_elsewhere_first, layout_rooms,
          grunt_decor_cap, elyvilon_altar_3, uniq_azrael
Temple:   hellmonk_temple_of_storms
Lair:1:   layout_loops_ring, grunt_megastairs_3, serial_bayou_shore_a,
          uniq_harold, uniq_gastronok
Lair:2:   regret_index_bee_streams, layout_regular_city,
          nicolae_spider_entry_orb_guardian
Lair:3:   layout_cave_pods, palyth_hydra_swamp_entry, st_stairs_5, uniq_rupert
Lair:4:   layout_concentric_octagons, gauntlet_entry_generic,
          eino_house_with_fridge
Lair:5:   hellmonk_lair_end_abyssal_woods, layout_cave_shapes,
          minmay_slime_entry_jelly_boxes, grunt_megastairs_5,
          infiniplex_staircase_pool_2
Swamp:1:  layout_basic_swamp, gammafunk_ghost_grave,
          evilmike_swamp_ruin_rubble_1, cheibrodos_swamp_witchery
Swamp:2:  nicolae_swamp_flooded_prison, layout_basic_swamp,
          hangedman_swamp_ruin_wall, swamp_pool4, uniq_donald, uniq_louise,
          uniq_nikola
Swamp:3:  layout_basic_swamp, gammafunk_ghost_cemetery, serial_swamp_ruin,
          evilmike_swamp_ruin_house_2, evilmike_swamp_ruin_house_3
Swamp:4:  grunt_swamp_rune_castle, layout_basic_swamp, swamp_pool1,
          nzn_swamp_weyward_sisters, uniq_mara
Spider:1: nicolae_spider_hilbert_zone_3 [nicolae_spider_hilbert_4_sides_2_open,
          nicolae_spider_hilbert_3_sides_1_open,
          nicolae_spider_hilbert_3_sides_1_open,
          nicolae_spider_hilbert_3_sides_1_open,
          nicolae_spider_hilbert_3_sides_1_open,
          nicolae_spider_hilbert_4_sides_1_open,
          nicolae_spider_hilbert_4_sides_1_open,
          nicolae_spider_hilbert_4_sides_1_open,
          nicolae_spider_hilbert_4_sides_1_open,
          nicolae_spider_hilbert_4_sides_1_open,
          nicolae_spider_hilbert_4_sides_1_open,
          nicolae_spider_hilbert_4_sides_1_open,
          nicolae_spider_hilbert_4_sides_1_open,
          nicolae_spider_hilbert_3_sides_1_open,
          nicolae_spider_hilbert_3_sides_1_open,
          nicolae_spider_hilbert_3_sides_1_open,
          nicolae_spider_hilbert_3_sides_1_open], uniq_agnes
Spider:2: layout_spider_delve
Spider:3: layout_cave_pods
Spider:4: spider_rune_water, uniq_kirke
Orc:1:    layout_diamond_mine, basic_altar
Orc:2:    st_orc_town, layout_caves, nicolae_orc_rockfall, uniq_snorg
Elf:1:    nicolae_elf_arrival_no_cutting_in_line, layout_gridlike, serial_shops,
          bzr_entry_safe, minmay_elf_necromancy, nicolae_elf_elemental_lessons
Vaults:1: gammafunk_ghost_tricky_traps, nicolae_vaults_puzzle_piece,
          hangedman_vaults_river_flow, v_misc_19, hangedman_vaults_stagger,
          dpeg_vaults_monster_box, vaults_room_fancy_cross, vaults_room_pools,
          v_misc_33, ontoclasm_vaults_eye, nicolae_vaults_rhombus_6,
          ontoclasm_vaults_fault, layout_vaults_ring,
          nicolae_trove_entry_columns, uniq_zenata
Vaults:2: nicolae_vaults_arrows, minmay_crypt_entry_simple_statues,
          nicolae_vaults_ninety_degrees, nicolae_vaults_twisting_passages,
          grunt_vaults_hallway_long, vaults_room_corners,
          hangedman_vaults_snaps, v_misc_24, v_misc_9, layout_vaults_omnicross

Skill      XL: |  1  2  3  4  5  6  7  8  9 10 11 12 13 14 15 16 17 18 19 |
---------------+----------------------------------------------------------+-----
Fighting       | 4 5 6 7 9 10 11 13 15 16 18 19 20 21 22 23 | 23.3
Axes           | 4 5 6 7 9 10 11 13 15 16 18 19 20 21 22 23 | 23.4
Armour         | 3 4 5 6 8 10 11 13 14 16 18 19 20 21 22 23 | 23.2
Shields        | 3 6 8 10 12 14 16 | 16.1
Dodging        | |  2.3

Action                   |  1- 3 |  4- 6 |  7- 9 | 10-12 | 13-15 | 16-18 | 19-21 || total
-------------------------+-------+-------+-------+-------+-------+-------+-------++-------
Melee: Hand axe          |    90 |    77 |   211 |   154 |       |       |       ||   532
       Headbutt          |    13 |    11 |    39 |    74 |   243 |   360 |   120 ||   860
       Punch             |       |       |     2 |       |       |       |       ||     2
       Executioner's axe |       |       |       |   234 |    56 |       |       ||   290
       Broad axe         |       |       |       |       |   937 |  1355 |   387 ||  2679
Invok: Berserk           |     1 |       |     6 |    17 |    24 |    22 |     4 ||    74
       Trog's Hand       |       |       |     1 |       |     3 |     6 |       ||    10
       Brothers in Arms  |       |       |       |     1 |     3 |     4 |       ||     8
Evoke: Wand              |       |     1 |       |       |     1 |     2 |       ||     4
  Use: Scroll            |       |     9 |     3 |    12 |     8 |    11 |       ||    43
       Potion            |       |       |       |       |       |    13 |     2 ||    15
 Stab: Distracted        |       |       |       |       |     1 |       |       ||     1
Armor: Scale mail        |    33 |     4 |       |       |       |       |       ||    37
       Animal skin       |     2 |       |       |       |       |       |       ||     2
       Plate armour      |       |    34 |   115 |   278 |   645 |   971 |   158 ||  2201
       Ring mail         |       |       |       |       |       |   101 |       ||   101
Dodge: Dodged            |    45 |    22 |    57 |   183 |   253 |   534 |    61 ||  1155
Block: Buckler           |       |       |     8 |    35 |   165 |   216 |       ||   424
       Kite shield       |       |       |       |       |       |   482 |   192 ||   674
